Cogmind - Beta 16.1 @@@ ROGUE MODE // 2026.04.23 @ 00:46:54 Player: Shimejimeji Result: Self-destructed Performance ------------- Evolutions (0) 0 Regions Visited (4) 800 Robots Destroyed (33) 165 Value Destroyed (538) 538 Prototype IDs (23) 460 Alien Tech Used (0) 0 Bonus (300) 300 TOTAL SCORE: 2263 Bonus ------- Aligned with FarCom 300 Cogmind --------- Core Integrity 158/250 Matter 145/300 Energy 265/265 System Corruption 0% Temperature Cool (0) Movement Treading (160) Location -9/Mines Parts ------- > --- POWER (1) -------- Improved Ion Engine > --- PROPULSION (2) --- Light Treads Light Treads > --- UTILITY (2) ------ Large Storage Unit Hacking Suite > --- WEAPON (2) ------- Beam Rifle Beam Rifle > --- INVENTORY (15) --- Improved Ion Engine Light Treads Light Treads Medium Storage Unit Seismic Detector Core Shielding XL Autogun Array Grenade Launcher Peak State ------------ > --- POWER ------------ Improved Ion Engine > --- PROPULSION ------- Light Treads Light Treads > --- UTILITY ---------- Medium Storage Unit Hacking Suite > --- WEAPON ----------- Beam Rifle Beam Rifle > --- INVENTORY -------- Improved Ion Engine Light Treads Light Treads Seismic Detector Core Shielding XL Autogun Array Grenade Launcher [Rating: 16] Favorites ----------- Power Improved Ion Engine Engine Improved Ion Engine Propulsion Light Treads Treads Light Treads Utility Small Storage Unit Device Seismic Detector Storage Small Storage Unit Hackware Hacking Suite Protection Core Shielding Weapon Beam Rifle Energy Gun Beam Rifle Ballistic Gun Assault Rifle Launcher Grenade Launcher Special Weapon Mining Laser Build | -11 -10 -10 -10 -9 ------- Run | Yrd Mat Min Exi Min Slots Evolved . | . . . . . Power . | . . . . . Propulsion . | . . . . . Utility . | . . . . . Weapon . | . . . . . Parts Attached 19 | 7 7 1 4 . Power 4 | 1 2 . 1 . Engine 4 | 1 2 . 1 . Core . | . . . . . Reactor . | . . . . . Propulsion 3 | 2 1 . . . Treads 3 | 2 1 . . . Leg . | . . . . . Wheel . | . . . . . Hover . | . . . . . Flight . | . . . . . Utility 6 | 2 1 . 3 . Device 1 | 1 . . . . Storage 3 | 1 . . 2 . Processor . | . . . . . Hackware 1 | . . . 1 . Protection 1 | . 1 . . . Artifact . | . . . . . Weapon 6 | 2 3 1 . . Energy Gun 3 | 1 1 1 . . Energy Cannon . | . . . . . Ballistic Gun 1 | 1 . . . . Ballistic Cannon . | . . . . . Launcher 1 | . 1 . . . Special Weapon 1 | . 1 . . . Impact Weapon . | . . . . . Slashing Weapon . | . . . . . Piercing Weapon . | . . . . . Special Melee Weapon . | . . . . . Unidentified Prototypes . | . . . . . Parts Lost 1 | . . 1 . . Power . | . . . . . Propulsion . | . . . . . Utility . | . . . . . Weapon 1 | . . 1 . . Highest Loss Streak 1 | . . 1 . . To Critical Strikes . | . . . . . Average Backups 6 | 3 6 7 6 8 Power 1 | . 1 1 . 1 Propulsion 1 | 1 1 1 2 2 Utility 1 | . . 2 1 3 Weapon 2 | 1 2 2 2 2 Tool/Special . | . . . . . Unused Backups 8 | . 4 1 . 3 Power 1 | . 1 . . . Propulsion 5 | . 2 1 . 2 Utility . | . . . . . Weapon 2 | . 1 . . 1 Tool/Special . | . . . . . Average Slot Usage (%) 99 | . 100 100 98 100 Engine 14 | . 14 14 14 14 Treads 28 | . 28 28 28 28 Device 8 | . 11 13 2 . Storage 14 | . 14 14 14 14 Hackware 1 | . . . 2 14 Protection 3 | . 2 . 8 . Energy Gun 17 | . 13 15 23 26 Ballistic Gun 8 | . 13 10 . . Special Weapon 1 | . 1 1 2 . Peak Build Rating 16 | 7 10 11 16 16 Average Rating 10 | 5 9 10 13 15 On Entrance 8 | . 7 10 10 16 Avg Prop Armor Cover (%) . | . . . . . Naked Turns . | . . . . . Heaviest Build 33 | 12 19 19 33 33 Greatest Support 40 | 40 40 40 40 40 Greatest Overweight (x) . | . . . . . Average Overweight (x) . | . . . . . Largest Inventory Capacity 15 | 8 8 8 15 15 Average Capacity 8 | 7 8 8 9 15 Most Carried 11 | 5 8 8 11 11 Average Carried 7 | 3 6 7 8 11 Final Capacity 15 | 8 8 8 15 15 Final Carried 11 | 5 8 7 11 11 Class Distribution -------------------- 100% | Mutant Dominant Class ---------------- Mutant | -10/Materials Mutant | -10/Mines Mutant | -10/Exiles Mutant | -9/Mines Resources | -11 -10 -10 -10 -9 ----------- Run | Yrd Mat Min Exi Min Matter Collected 717 | 194 405 73 . 45 Remotely . | . . . . . Salvage Created 824 | 186 536 78 . 24 Parts 62 | 15 34 7 . 6 Haulers Intercepted 1 | . 1 . . . Recyclers Shooed 1 | 1 . . . . Parts Field Recycled . | . . . . . Retrieved Matter . | . . . . . Parts Self-Destructed . | . . . . . Prevented . | . . . . . Parts Restored . | . . . . . Kills | -11 -10 -10 -10 -9 ------- Run | Yrd Mat Min Exi Min Combat Hostiles Destroyed 20 | . 11 5 . 4 Guns 12 | . 9 3 . . AOE 8 | . 2 2 . 4 Classes Destroyed 7 | 2 5 . . . Tunneler 6 | 5 1 . . . Hauler 1 | . 1 . . . Recycler 2 | 1 1 . . . Operator 1 | . 1 . . . Watcher 3 | . 3 . . . Swarmer 12 | . 3 5 . 4 Grunt 8 | . 8 . . . Best Kill Streak 4 | 4 3 3 . 4 Combat Bots Only 4 | . 3 3 . 4 Max Kills in Single Turn 2 | 1 1 2 . 1 Gunslinging . | . . . . . Exploded 1 | . 1 1 . 1 Melee . | . . . . . Uniques/NPCs Destroyed . | . . . . . Combat | -11 -10 -10 -10 -9 -------- Run | Yrd Mat Min Exi Min Hostile Shots Fired 71 | . 37 19 . 15 Missed 20 | . 6 7 . 7 Hits 51 | . 31 12 . 8 Projectile 51 | . 31 12 . 8 Damage Taken 568 | . 364 107 . 97 Core 92 | . 63 23 . 6 Absorbed by Shields . | . . . . . Redirected to Shielding 2 | . 2 . . . Core Remaining (%) 100 | 100 . . . . Volleys Fired 111 | 9 63 33 . 6 Largest 2 | 2 2 2 . 1 Hottest 100 | 60 100 100 . 30 Shots Fired 163 | 18 97 42 . 6 Gun 112 | 18 77 17 . . Cannon . | . . . . . Launcher 13 | . 4 3 . 6 Special 38 | . 16 22 . . Kinetic 50 | 9 34 7 . . Thermal 100 | 9 59 32 . . Explosive 13 | . 4 3 . 6 Electromagnetic . | . . . . . Robot Hit Streak 9 | 7 9 6 . 1 Robot Miss Streak 4 | 1 3 4 . 1 Penetration Max . | . . . . . Secondary Targets . | . . . . . Shots Hit Robots 74 | 13 49 9 . 3 Core Hits 48 | 7 28 6 . 7 Critical Kills . | . . . . . Critical Parts Destroyed . | . . . . . Critical Strikes . | . . . . . Melee Attacks . | . . . . . Impact . | . . . . . Slashing . | . . . . . Piercing . | . . . . . Sneak Attacks . | . . . . . Combat Hostiles . | . . . . . Follow-up Attacks . | . . . . . Damage Inflicted 1569 | 166 875 271 . 257 Guns 948 | 166 647 135 . . Cannons . | . . . . . Explosions 569 | . 206 106 . 257 Melee . | . . . . . Ramming 52 | . 22 30 . . Kinetic 450 | 101 288 61 . . Thermal 498 | 65 359 74 . . Explosive 569 | . 206 106 . 257 Electromagnetic . | . . . . . Impact . | . . . . . Slashing . | . . . . . Piercing . | . . . . . Highest Corruption . | . . . . . Average Corruption . | . . . . . Corruption Purged . | . . . . . Corruption Blocked . | . . . . . Overload Shots . | . . . . . Overflow Damage 7 | . . 7 . . Projectiles . | . . . . . Explosions 7 | . . 7 . . Melee . | . . . . . Knockbacks 1 | . 1 . . . Impact 1 | . 1 . . . Kinetic . | . . . . . Secondary . | . . . . . Self-Inflicted Damage 47 | . . 13 . 34 Shots 2 | . . 1 . 1 Rammed 7 | . 3 4 . . Targets Rammed 8 | . 4 4 . . Kicked . | . . . . . Crushed 1 | . 1 . . . Highest Temperature 240 | . 240 120 . . Average Temperature 57 | . 69 36 . . Received Heat Transfer 171 | . 171 . . . Effects 2 | . 2 . . . Interference 2 | . 2 . . . Siege Activations . | . . . . . Martial Activations . | . . . . . Shielding Activations . | . . . . . Robots Disrupted . | . . . . . Combat Hostiles . | . . . . . Robots Corrupted . | . . . . . Combat Hostiles . | . . . . . Parts Fried . | . . . . . Impact Corruptions . | . . . . . Robots Melted . | . . . . . Combat Hostiles . | . . . . . Parts Melted 1 | . 1 . . . Heat Transferred 1260 | 150 925 185 . . Parts Sabotaged . | . . . . . Parts Stolen . | . . . . . Parts Stripped . | . . . . . Power Chain Reactions . | . . . . . Alert | -11 -10 -10 -10 -9 ------- Run | Yrd Mat Min Exi Min Maximum Alert Level . | . . . . . Low Security (%) 100 | 100 100 100 . 100 Level 1 . | . . . . . Level 2 . | . . . . . Level 3 . | . . . . . Level 4 . | . . . . . Level 5 . | . . . . . High Security . | . . . . . Max Security . | . . . . . Peak Influence 121 | 15 83 98 . 121 Initial . | . . . . . Average 17 | 3 18 16 . 26 Influence Increases 668 | 30 353 164 . 121 Destroy 0b10 Robot/C 400 | . 220 100 . 80 Destroy 0b10 Robot/NC 65 | 30 35 . . . Destroy Leader 68 | . 48 10 . 10 Successful Hack 8 | . 8 . . . Destroy Structure 97 | . 42 24 . 31 Lose Combat Pursuer 30 | . . 30 . . Influence Decreases 577 | 30 353 116 48 30 Entered New Map 48 | . . . 48 . Time Decay 529 | 30 353 116 . 30 Squads Dispatched 1 | . 1 . . . Investigation . | . . . . . Extermination . | . . . . . Reinforcement 1 | . 1 . . . Assault . | . . . . . Garrison . | . . . . . Intercept . | . . . . . Searches Triggered . | . . . . . Construction Impeded . | . . . . . Haulers Reinforced . | . . . . . Active Scanning Responses . | . . . . . Cargo Convoy Interrupts . | . . . . . Stealth | -11 -10 -10 -10 -9 --------- Run | Yrd Mat Min Exi Min Distress Signals 2 | . 1 1 . . Communications Jammed . | . . . . . Distress Signals . | . . . . . Times Spotted 41 | . 23 8 . 10 Peak Tracking Total 10 | . 3 3 . 10 Tactical Retreats 1 | . . 1 . . Traps | -11 -10 -10 -10 -9 ------- Run | Yrd Mat Min Exi Min Traps Triggered . | . . . . . Indirectly . | . . . . . Trap Hack Attempts . | . . . . . Triggered . | . . . . . Disarmed . | . . . . . Reprogrammed . | . . . . . Reused . | . . . . . Traps Extracted . | . . . . . Installed . | . . . . . Triggered . | . . . . . Machines | -11 -10 -10 -10 -9 ---------- Run | Yrd Mat Min Exi Min Machines Disabled . | . . . . . Max in Single Turn . | . . . . . Machines Repaired . | . . . . . Machines Dismantled . | . . . . . Machines Sabotaged . | . . . . . Overloaded Fab Kills . | . . . . . Hacking | -11 -10 -10 -10 -9 --------- Run | Yrd Mat Min Exi Min Machines Accessed 7 | . 5 . 2 . Terminals 5 | . 5 . . . Fabricators . | . . . . . Repair Stations . | . . . . . Recycling Units . | . . . . . Scanalyzers . | . . . . . Garrison Access . | . . . . . Total Hacks 14 | . 12 . 2 . Successful 7 | . 5 . 2 . Failed 7 | . 7 . . . Catastrophic 1 | . 1 . . . Database Lockouts . | . . . . . Manual 13 | . 12 . 1 . Terminals 12 | . 12 . . . Fabricators . | . . . . . Repair Stations . | . . . . . Recycling Units . | . . . . . Scanalyzers . | . . . . . Garrison Access . | . . . . . Terminal Hacks 2 | . . . 2 . Record 1 | . . . 1 . Proto ID Catalog 1 | . . . 1 . Fabricator Hacks . | . . . . . Repair Station Hacks . | . . . . . Recycling Unit Hacks . | . . . . . Scanalyzer . | . . . . . Garrison Access Hacks . | . . . . . Unauthorized Hacks 5 | . 5 . . . Terminals 5 | . 5 . . . Assimilate 1 | . 1 . . . Skim 4 | . 4 . . . Fabricators . | . . . . . Repair Stations . | . . . . . Recycling Units . | . . . . . Scanalyzers . | . . . . . Garrison Access . | . . . . . Data Cores Recovered . | . . . . . Used . | . . . . . Hacking Detections 3 | . 3 . . . Full Trace Events 1 | . 1 . . . Feedback Events . | . . . . . Feedback Blocked . | . . . . . Robot Schematics Acquired . | . . . . . Robots Built . | . . . . . Authchips . | . . . . . Time . | . . . . . Total Robot Build Rating . | . . . . . Part Schematics Acquired . | . . . . . Parts Built . | . . . . . Authchips . | . . . . . Time . | . . . . . Total Part Build Rating . | . . . . . Part Studies Acquired . | . . . . . Parts Repaired . | . . . . . Time . | . . . . . Parts Recycled . | . . . . . Recycled Matter . | . . . . . Retrieved Matter . | . . . . . Retrieved Components . | . . . . . Parts Scanalyzed . | . . . . . Part Schematics Acquired . | . . . . . Parts Damaged . | . . . . . Bothacking | -11 -10 -10 -10 -9 ------------ Run | Yrd Mat Min Exi Min Used RIF Installer . | . . . . . Robots Hacked . | . . . . . Non-combat . | . . . . . Combat . | . . . . . Robot Hacks Applied . | . . . . . Relay Couplers Released . | . . . . . Fabnet Peak Effective % . | . . . . . Robots Rewired . | . . . . . Allies Hacked . | . . . . . Hacks Repelled . | . . . . . Allies | -11 -10 -10 -10 -9 -------- Run | Yrd Mat Min Exi Min Total Allies 1 | . 1 . . . Largest Group 1 | . 1 . . . Highest-Rated Group 10 | . 10 . . . Highest-Rated Ally 10 | . 10 . . . Total Orders . | . . . . . Ally Attacks . | . . . . . Total Damage . | . . . . . Kills . | . . . . . Allies Corrupted . | . . . . . Allies Melted . | . . . . . Intel | -11 -10 -10 -10 -9 ------- Run | Yrd Mat Min Exi Min Active Infowar (turns) 2389 | 17 1179 997 196 . Seismic 2389 | 17 1179 997 196 . Robot Analysis Total . | . . . . . Derelict Logs Recovered 2 | . . 1 . 1 Drone Launches . | . . . . . Drone Recoveries . | . . . . . Exploration | -11 -10 -10 -10 -9 ------------- Run | Yrd Mat Min Exi Min Turns Passed 3924 | 140 1522 1051 983 228 Spaces Moved 2171 | 64 797 572 605 133 Core 3 | 3 . . . . Treads 2168 | 61 797 572 605 133 Legs . | . . . . . Wheels . | . . . . . Hover . | . . . . . Flight . | . . . . . Fastest Speed 50 | 50 160 160 160 160 Average Speed 159 | 154 160 160 160 160 Slowest Speed 160 | 160 160 160 160 160 Overloaded Moves . | . . . . . Propulsion Burnouts . | . . . . . Robots Hopped . | . . . . . Potential Cave-ins . | . . . . . Cave-ins Triggered . | . . . . . Exploration Rate (%) 57 | 4 97 94 63 28 Regions Visited 4 Branch Regions 3 Pre-discovered Areas 4 | . . 1 1 2 Known Exits Taken . | . . . . . Unknown Exits Taken 4 | 1 1 1 1 . Scrap Searched 3 | . . 2 . 1 Spaces Dug 21 | . 14 7 . . Terrain Destroyed 121 | . 41 30 . 50 Melee . | . . . . . Projectile 23 | . 14 9 . . AOE 98 | . 27 21 . 50 Terrain Rammed . | . . . . . Walls Destroyed . | . . . . . Machines Disabled . | . . . . . Actions | -11 -10 -10 -10 -9 --------- Run | Yrd Mat Min Exi Min Total 2372 | 84 909 617 621 141 Wait 11 | . 11 . . . Move 2167 | 63 796 571 604 133 Hop . | . . . . . Pick Up 18 | 5 8 1 4 . Fast Attach 8 | 7 1 . . . Attach 2 | . . 1 1 . Detach 2 | . 1 . 1 . Swap 31 | . 17 6 6 2 Drop 14 | . 8 1 5 . Fire 111 | 9 63 33 . 6 Melee . | . . . . . Ram . | . . . . . Kick . | . . . . . Crush 8 | . 4 4 . . Escape Stasis . | . . . . . Rewire . | . . . . . Trap . | . . . . . Miscellaneous . | . . . . . Route ------- -11/Scrapyard -10/Materials (discovered 4 exits: [*Mat x3] / [*Min]) -10/Mines (discovered 4 exits: [*Mat x2] / *Exi / [*Sub]) -10/Exiles (discovered 2 exits: [*Min x2]) -9/Mines History --------- Turn | Location | Event 6 | -11/Scrapyard | Discovered new exit (range 16) 141 | -11/Scrapyard | Entered Materials 313 | -10/Materials | Build established: Mutant 317 | -10/Materials | Discovered new exit (range 3) 525 | -10/Materials | Discovered new exit (range 6) 589 | -10/Materials | Discovered new exit (range 16) 1063 | -10/Materials | Discovered new exit (range 15) 1663 | -10/Materials | Entered Mines 1846 | -10/Mines | Discovered new exit (range 5) 1897 | -10/Mines | Joined a pair of Derelicts in attacking an 0b10 outpost 2285 | -10/Mines | Discovered new exit (range 6) 2355 | -10/Mines | Discovered new exit (range 10) 2383 | -10/Mines | Learned location of Zion (-6) 2591 | -10/Mines | Discovered new exit (range 3) 2714 | -10/Mines | Entered Exiles 2753 | -10/Exiles | Met 8R-AWN 2784 | -10/Exiles | Met EX-HEX 2825 | -10/Exiles | Met EX-BIN 2848 | -10/Exiles | Aligned with FarCom system 2849 | -10/Exiles | Given EX-Vault access code 2899 | -10/Exiles | Opened EX-Vault 2914 | -10/Exiles | Found XL Autogun Array 2949 | -10/Exiles | Warned to stay clear of 0b10 Research branches 3005 | -10/Exiles | Met EX-DEC 3158 | -10/Exiles | Discovered new exit (range 15) 3671 | -10/Exiles | Discovered new exit (range 14) 3697 | -10/Exiles | Left Exiles lab with XL Autogun Array 3697 | -10/Exiles | Entered Mines 3705 | -9/Mines | Learned location of Storage (-7) 3708 | -9/Mines | Met a Derelict bent on vengeance 3904 | -9/Mines | Assembled infested the area 3925 | -9/Mines | Self-destructed Last Messages --------------- 03793_ K-01 Serf collects debris. 03820_ U-05 Engineer builds a Wall. 03861_ Acquired derelict log, extracted data. World map confirmed: -7/Storage. 03866_ S-10 Pest destroyed. 03868_ Destroyed Lgt. Ion Engine. 03868_ S-10 Pest destroyed. 03870_ The unstable cave ceiling collapses. 03870_ S-10 Pest destroyed. 03873_ U-05 Engineer builds a Wall. 03874_ The unstable cave ceiling collapses. 03874_ S-10 Pest destroyed. 03874_ U-05 Engineer lays Concrete. 03878_ U-05 Engineer builds a Wall. 03878_ U-05 Engineer lays Concrete. 03879_ U-05 Engineer builds a Wall. 03881_ R-06 Scavenger collects Lgt. Assault Rifle. 03883_ U-05 Engineer builds a Wall. 03904_ ALERT: Infestation in the mines, dispatching Demolisher response squad. Map ----- +----------------------------------------------------+ | | | | | | | | | | | | | | | | | | | ?????????????????????????????????????????????????? | | ?????????????????????????????????????????????????? | | ?????????????????????????????????????????????????? | | ?????????????????????????????????????????????????? | | ?????????????????????????????????????????????????? | | ?????????????????????????????????????????????????? | | ?????????????????????????????????????????????????? | | ?????????????????????????????????????????????????? | | ?????????????????????????????????????????????????? | | ?????????????????????????????????????????????????? | | ?????????????????????????????????????????????????? | | ?????????????????????????????????????????????????? | | ?????????????????????????????????????????????????? | | ?????????????????????????????????????????????????? | | ????? ???????????????????????????????????????????? | | ?? ?????????????????######## a a [ #????????? | | ?????????????????#@ a a a=%#?????????? | | ?????????????????# ########???????????????? | | ? #????????????????# #??????????????????????? | | ?# ####????????????# #??????????????????????? | | ?# * = #???????###### #??????????????????????? | | ?# #???????# #??????????????????????? | | ??# ##??????# ######??????????????????????? | | ???# C #??????# #???????????????????????????? | | ???## ######## #???????????????????????????? | | ???# # #???????????????????????????? | | ??## # #########???????????????????????????? | | ??# # #???????????????????????????????????? | | ???# #???????????????????????????????????? | | ???# ###???????????????????????????????????? | | ???# #?????????????????????????????????????? | | ???#### ###?????????????????????????????????????? | | ?????## ##??????????????????????????????????????? | | ????### ####????????????????????????????????????? | | ???## # ##???????????????????????????????????? | | ?### #???????????????????????????????????? | | ## #???????????????????????????????????? | | #???????????????????????????????????? | | ######???????????????????????????????? | | #### ## ???????????????????????????????? | | ##??# ## ???????????????????????????????? | +----------------------------------------------------+ Best States ------------- Heat Dissipation 25 Energy Generation 12 Energy Capacity 265 Matter Stores 300 Matter Capacity 300 Sight Range 16 Terrain Scan Density 10 Core Shielding 20 Evasion (%) 40 Recoil Reduction 2 Offensive Hacking 10 Item Schematics ----------------- None Robot Schematics ------------------ None Fabricated ------------ Nothing Repaired ---------- Nothing Studied --------- None Alien Tech Used ----------------- None Achievements -------------- None Challenges ------------ None Game ------ Seed SubdwellerCompactMindspike Manual? 0 Play Time 00:19:31 Cumulative 47.7 hours Start 2026.04.23 @ 00:28:15 End 2026.04.23 @ 00:46:54 Sessions 1 Manual Loads 0 Difficulty Rogue Special Mode None Game No. 31 Rogue 31 Adventurer 0 Explorer 0 Win Type - Total 0 Types 0/0/0/0/0/0/0/0/0/0 Lore% 41 Gallery% 29 Achievement% 27 Wizard Run 0 Options --------- Layout 0 ASCII 0 Keyboard 1 Movement Arrows Keybinds 0 Fullscreen 2 Font 18/SmallcapsGlow Map View 76x50 Zoom Use 0% Tactical HUD 1 Map Filters NONE Filters NONE Steam 1 RUN: 510965a7-dee6-4fee-9baf-3930fa9b0bcc